 Dungeon Crawl Stone Soup version 0.22-a0-609-gfedc9ff (webtiles) character file.

4 Amnesiac the Magician (level 1, -3/10 HPs)
             Began as a Deep Elf Wizard on July 10, 2018.
             Slain by a leopard gecko (5 damage)
             ... on level 3 of the Dungeon.
             The game lasted 00:00:33 (81 turns).

Amnesiac the Magician (Deep Elf Wizard)               Turns: 81, Time: 00:00:34

Health: -3/10      AC:  2    Str:  4    XL:     1   Next: 58%
Magic:  4/8        EV: 13    Int: 22    God:
Gold:   0          SH:  0    Dex: 13    Spells: 8/9 levels left

rFire    . . .     SeeInvis .   (no weapon)
rCold    . . .     Gourm    .   (no shield)
rNeg     . . .     Faith    .   a - +0 robe
rPois    .         Spirit   .   (no helmet)
rElec    .         Reflect  .   (no cloak)
rCorr    .         Harm     .   (no gloves)
MR       .....                  (no boots)
Stlth    ++........             (no amulet)
HPRegen  0.03/turn              (no ring)
MPRegen  0.11/turn              (no ring)

@: no status effects
A: no striking features
a: no special abilities


You were on level 3 of the Dungeon.
You were not hungry.

You visited 1 branch of the dungeon, and saw 3 of its levels.

Inventory:

Armour
 a - a +0 robe (worn)
Comestibles
 d - a ration


   Skills:
 - Level 2.4 Dodging
 - Level 2.4 Stealth
 + Level 4.8 Spellcasting
 - Level 1.1 Conjurations
   Level 1.1 Summonings
   Level 1.1 Translocations


You had 8 spell levels left.
You knew the following spells:

 Your Spells              Type           Power        Failure   Level  Hunger
a - Magic Dart            Conj           ##..         7%          1    None

Your spell library contained the following spells:

 Spells                   Type           Power        Failure   Level  Hunger
 Conjure Flame            Conj/Fire      #.......     24%         3    ##.....
 Slow                     Hex            #.......     16%         2    None
 Mephitic Cloud           Conj/Pois/Air  #.......     26%         3    ##.....
 Blink                    Tloc           N/A          10%         2    None
 Call Imp                 Summ           ##......     10%         2    None


Dungeon Overview and Level Annotations

Branches:
Dungeon (3/15)

Altars:


Message History

The magic dart hits the bat.
You kill the bat!
A rat comes into view.
There is a stone staircase leading down here.
You climb downwards.
The frilled lizard bites you. The frilled lizard barely misses you.
There is a stone staircase leading up here.
The frilled lizard closely misses you.
There is an escape hatch in the floor here.
The frilled lizard bites you but does no damage.
You slide downwards.
The hatch slams shut behind you.
A frilled lizard, a ball python and a hobgoblin come into view.
The ball python hisses angrily.
Found a leather armour, a scroll labeled JONAR IL COUPP and a black potion.
Casting: Magic Dart (safe; 7% risk of failure)
Confirm with . or Enter, or press ? or * to list all spells.
Aiming: Magic Dart (safe; 7% risk of failure)
Press: ? - help, Shift-Dir - straight line, f - frilled lizard
Aim: a frilled lizard The magic dart hits the frilled lizard.
You kill the frilled lizard!
The hobgoblin shouts!
The frilled lizard hisses angrily.
You hear a bark!
A hound comes into view.
Found 19 arrows.
Found a stone staircase leading down.
Casting: Magic Dart (safe; 7% risk of failure)
Confirm with . or Enter, or press ? or * to list all spells.
Aiming: Magic Dart (safe; 7% risk of failure)
Press: ? - help, Shift-Dir - straight line, f - frilled lizard
Aim: a frilled lizard The magic dart hits the frilled lizard.
You kill the frilled lizard!
Casting: Magic Dart (safe; 7% risk of failure)
Confirm with . or Enter, or press ? or * to list all spells.
Aiming: Magic Dart (safe; 7% risk of failure)
Press: ? - help, Shift-Dir - straight line, f - hobgoblin
Aim: a hobgoblin The magic dart hits the hobgoblin.
The hobgoblin is almost dead.
Casting: Magic Dart (safe; 7% risk of failure)
Confirm with . or Enter, or press ? or * to list all spells.
Aiming: Magic Dart (safe; 7% risk of failure)
Press: ? - help, Shift-Dir - straight line, f/p - hobgoblin
Aim: a hobgoblin (almost dead)
The magic dart hits the hobgoblin.
You kill the hobgoblin!
A leopard gecko comes into view.
Found 4 sling bullets and 11 stones.
A hobgoblin comes into view.
The hobgoblin shouts!
The leopard gecko hisses angrily.
You aren't carrying any scrolls.
You aren't carrying any potions.
Unknown command.
The hound misses you.
Found a scroll labeled IGUHIR KEYGROCSIRA.
The hobgoblin hits you.
There is a stone staircase leading down here.
The leopard gecko bites you.
* * * LOW HITPOINT WARNING * * *
The hound bites you but does no damage. The hobgoblin hits you.
* * * LOW HITPOINT WARNING * * *
The leopard gecko bites you.
Ouch! That really hurt!
You die...

#..# .# #..#..#
#..##.##
#..##S.# ###
#..##..#...
####..##..#.# .
#.......(...#...
#..(..g.........
#.....hl@..##..
####..##...#
#...#....#
#...##.#.##
..(#. .. .#
.?..#.).. .#
......### ## ..
.


You could see a hound, a leopard gecko, a hobgoblin and a ball python.

Vanquished Creatures
  A goblin (D:1)
  A hobgoblin (D:3)
  A bat (D:1)
  2 frilled lizards (D:3)
5 creatures vanquished.

Notes
Turn   | Place    | Note
-------+----------+-------------------------------------------
     0 | D:1      | Amnesiac the Deep Elf Wizard began the quest for the Orb.
     0 | D:1      | Reached XP level 1. HP: 10/10 MP: 7/7
    66 | D:3      | Noticed a hound
    81 | D:3      | Slain by a leopard gecko

Vault maps used:
D:1:      dpeg_arrival_water_altar
D:2:      grunt_temple_overflow_cloverleaf, uniq_sigmund
D:3:      uniq_crazy_yiuf_cottage

Action                   || total
-------------------------++-------
 Cast: Magic Dart        ||     8
Armor: Robe              ||     3
Dodge: Dodged            ||     8

Table legend:
 A = Spawn XP
 B = Non-spawn XP
 C = Spawn XP percentage of total XP
 D = Spawn monster count
 E = Non-spawn monster count
 F = Spawn count percentage of total count
 G = Total turns spent on level
                    A         B        C        D         E        F      G
               +---------+---------+-------+---------+---------+-------+---------
         Total |       0 |       7 |   0.0 |       0 |       5 |   0.0 |    81
               +---------+---------+-------+---------+---------+-------+---------
           D:1 |       0 |       3 |   0.0 |       0 |       2 |   0.0 |    52
           D:3 |       0 |       4 |   0.0 |       0 |       3 |   0.0 |    16
               +---------+---------+-------+---------+---------+-------+---------
